Map: Oxide LE

Players

Cure - Winner!

  • Race: Terran Terran
  • Spawn Location: 1:00

PartinG

  • Race: Protoss Protoss
  • Spawn Location: 7:00

Event: IEM Katowice 2021

VOD

Have the link to the VOD?

Description

Time

  • Played on: Feb. 25, 2021, 12:27 p.m.
  • Length: 13:06

All games in this series

Show
View Real Time Build Order
Export as new Build Order

Cure Terran - Winner!

Build Orders: Gas First Reaper Expand 

Get SALT Encoding   

  12  0:00  SCV  
  13  0:12  SCV  
  14  0:17  Supply Depot  
  14  0:24  SCV  
  14  0:27  Refinery  
  15  0:38  SCV  
  16  0:43  Barracks  
  16  0:51  SCV  
  17  1:03  SCV  
  18  1:15  SCV  
  19  1:30  Reaper, Orbital Command  
  20  1:41  Command Center  
  20  1:52  Factory  
  20  1:56  SCV  
  21  2:02  Supply Depot  
  21  2:06  Barracks Reactor  
  21  2:08  SCV  
  22  2:19  Barracks  
  22  2:20  SCV  
  23  2:32  SCV  
  24  2:39  Refinery  
  24  2:43  Marine x2  
  24  2:44  Factory Tech Lab  
  26  2:46  SCV  
  26  2:49  Bunker  
  27  2:53  Orbital Command  
  27  3:01  Marine x2  
  27  3:04  Siege Tank  
  32  3:08  SCV  
  32  3:09  Orbital Command  
  32  3:11  Marine  
  34  3:20  SCV, Marine x2  
  37  3:27  Supply Depot  
  38  3:34  SCV  
  38  3:36  SCV  
  38  3:38  Marine x2  
  42  3:43  Siege Tank  
  42  3:46  Barracks Tech Lab  
  42  3:48  SCV x2  
  45  3:57  Marine x2  
  45  4:00  SCV x2  
  45  4:04  Marine  
  46  4:14  Supply Depot  
  46  4:34  Marine x3  
  46  4:35  SCV x2  
  46  4:36  Supply Depot  
  54  4:41  Starport  
  54  4:42  Engineering Bay  
  51  4:45  Factory Reactor  
  51  4:47  SCV x2  
  51  4:52  Marine x3  
  56  4:59  SCV x2, Barracks  
  58  5:00  Supply Depot  
  58  5:10  Missile Turret  
  58  5:11  SCV x2  
  60  5:14  Marine x3  
  60  5:17  Terran Infantry Weapons Level 1  
  63  5:23  SCV x2, Supply Depot  
  63  5:24  Medivac x2  
  69  5:30  Refinery  
  69  5:32  Marine x2, Factory Reactor  
  73  5:35  Marauder  
  73  5:38  Stimpack, SCV  
  73  5:39  SCV  
  75  5:47  Refinery  
  75  5:48  Marine, Supply Depot  
  76  5:51  SCV x2  
  76  5:52  Marine  
  76  5:53  Marine  
  76  5:56  Marine  
  81  6:06  Barracks, Marine  
  81  6:07  Barracks  
  82  6:12  Medivac  
  82  6:16  Medivac, Supply Depot  
  86  6:24  SCV x2  
  88  6:32  Marauder x2, Marine x2  
  94  6:37  SCV x2  
  94  6:42  Widow Mine  
  94  6:43  Widow Mine  
  94  6:46  Armory  
  98  6:50  Supply Depot  
  98  6:51  Supply Depot  
  98  6:54  Barracks Reactor, Barracks Tech Lab  
  98  6:57  Barracks Tech Lab  
  98  6:58  Marauder, Marine x2  
  102  7:12  SCV x2, Supply Depot, Widow Mine  
  102  7:14  Medivac  
  110  7:15  Marauder  
  110  7:17  Combat Shield  
  110  7:18  Supply Depot  
  110  7:21  Medivac  
  110  7:22  Widow Mine  
  114  7:23  Concussive Shells  
  114  7:27  Marauder  
  116  7:37  Widow Mine  
  116  7:43  Marauder  
  116  7:44  Medivac, Marauder, Widow Mine  
  124  7:47  Marine x3  
  129  7:52  Marine x2  
  131  7:59  Medivac  
  131  8:04  Marine  
  134  8:11  Supply Depot  
  134  8:12  Supply Depot  
  131  8:14  Medivac, Marauder, Marine x4  
  136  8:25  Widow Mine x2  
  138  8:29  Medivac  
  138  8:30  Supply Depot  
  138  8:40  Marauder x2, Marine x3  
  144  8:44  Medivac  
  134  8:56  Marine x2  
  134  8:59  Medivac  
  134  9:02  Marauder x2  
  135  9:03  Widow Mine x2  
  135  9:07  Marine x3  
  131  9:14  Medivac  
  131  9:15  Marauder  
  131  9:16  Marine  
  131  9:22  Marine  
  131  9:23  Marauder  
  122  9:25  Widow Mine x2, Marine x2  
  122  9:29  Medivac  
  129  9:33  Marine  
  129  9:34  Marine  
  129  9:36  Marauder  
  133  9:40  Marine  
  112  9:46  Marine x2  
  112  9:47  Marauder  
  112  9:51  Marine  
  112  9:52  Medivac, Widow Mine x2  
  121  9:54  Marine  
  121  9:57  Marine  
  121  9:58  Marine  
  124  10:02  Medivac  
  124  10:04  Marine  
  124  10:06  Terran Infantry Weapons Level 2  
  127  10:09  Marine  
  128  10:19  Widow Mine  
  128  10:20  Widow Mine  
  132  10:34  Marine x4  
  132  10:35  Marauder x2  
  133  10:41  Marauder  
  124  10:52  Marine x4  
  124  10:53  Widow Mine x2  
  124  10:56  Marauder x2  
  121  11:02  Marine  
  114  11:10  Marine  
  90  11:35  Marine x2  
  90  11:36  Marauder, Marine x2  
  79  11:47  Orbital Command  
  72  11:59  Orbital Command  
  65  12:32  Barracks Tech Lab  
  65  12:33  Barracks Tech Lab  
  65  12:36  Marine x3  
Show
View Real Time Build Order
Export as new Build Order

PartinG Protoss 

Build Orders: 1 Gate Expand 

Get SALT Encoding   

  12  0:00  Probe  
  13  0:12  Probe  
  14  0:17  Pylon  
  14  0:24  Probe  
  15  0:36  Probe  
  15  0:37  Gateway  
  16  0:48  Probe  
  17  1:07  Nexus  
  17  1:10  Assimilator  
  17  1:13  Probe  
  18  1:24  Cybernetics Core  
  18  1:27  Probe  
  19  1:35  Pylon  
  19  1:39  Probe  
  20  1:51  Probe, Warp Gate (Chrono Boost)  
  20  1:54  Gateway  
  21  1:59  Adept (Chrono Boost)  
  21  2:05  Probe  
  24  2:17  Probe  
  24  2:19  Probe  
  24  2:21  Gateway  
  26  2:27  Stalker  
  28  2:31  Probe  
  28  2:33  Probe  
  30  2:40  Adept  
  30  2:43  Probe  
  33  2:45  Probe  
  33  2:48  Assimilator  
  34  2:53  Pylon  
  34  2:55  Probe  
  34  2:57  Probe  
  36  3:08  Probe  
  36  3:09  Probe  
  38  3:18  Adept x3  
  44  3:20  Probe  
  44  3:22  Probe  
  44  3:23  Pylon  
  46  3:39  Stalker x3  
  53  3:41  Probe  
  53  3:46  Probe  
  50  4:01  Probe x2  
  44  4:03  Twilight Council  
  44  4:05  Assimilator  
  44  4:08  Assimilator  
  44  4:12  Robotics Facility  
  44  4:13  Probe (Chrono Boost)  
  46  4:18  Probe (Chrono Boost)  
  46  4:23  Probe (Chrono Boost)  
  47  4:24  Nexus  
  47  4:26  Pylon  
  45  4:31  Stalker  
  45  4:33  Probe  
  45  4:35  Stalker  
  50  4:40  Stalker  
  50  4:43  Probe  
  50  4:45  Blink (Chrono Boost), Probe  
  54  4:56  Probe  
  54  4:57  Probe  
  56  5:00  Observer  
  56  5:01  Pylon  
  56  5:05  Gateway  
  57  5:08  Probe  
  57  5:09  Probe  
  57  5:10  Gateway  
  59  5:15  Gateway  
  59  5:20  Probe  
  60  5:21  Probe, Observer  
  60  5:23  Pylon  
  60  5:27  Stalker  
  64  5:30  Stalker  
  64  5:34  Shield Battery  
  66  5:37  Probe x2  
  66  5:38  Probe  
  69  5:46  Robotics Bay, Observer  
  69  5:49  Observer, Probe  
  72  5:50  Probe x2  
  72  5:54  Pylon  
  73  6:00  Stalker x2  
  77  6:04  Stalker  
  77  6:06  Stalker  
  81  6:14  Pylon  
  81  6:16  Shield Battery  
  81  6:18  Pylon  
  81  6:19  Charge (Chrono Boost)  
  81  6:21  Stalker  
  81  6:24  Probe x2  
  85  6:26  Observer  
  85  6:36  Colossus (Chrono Boost)  
  87  6:40  Extended Thermal Lance (Chrono Boost)  
  87  6:42  Observer  
  87  6:46  Forge  
  87  6:49  Zealot x5  
  87  6:51  Probe  
  87  6:53  Probe  
  87  6:54  Probe  
  100  6:59  Pylon  
  100  7:08  Gateway x2  
  100  7:09  Gateway, Observer  
  100  7:13  Pylon  
  100  7:14  Pylon  
  100  7:19  Protoss Ground Weapons Level 1 (Chrono Boost)  
  100  7:21  Colossus (Chrono Boost), Observer  
  106  7:24  Sentry  
  106  7:25  Probe x3  
  111  7:32  Sentry  
  111  7:35  Observer  
  113  7:41  Nexus  
  113  7:42  Pylon  
  113  7:45  Pylon, Observer  
  113  7:50  Probe x2  
  110  7:54  Photon Cannon x2  
  110  7:57  Observer  
  107  7:59  Zealot x2  
  107  8:05  Probe x2  
  113  8:09  Zealot x2  
  114  8:19  Colossus  
  116  8:23  Probe x2  
  118  8:36  Zealot x4  
  118  8:37  Zealot  
  125  8:46  Stalker x2  
  122  8:54  Zealot  
  115  9:01  Stalker x2  
  115  9:02  Stalker  
  97  9:12  Zealot x3  
  90  9:24  Warp Prism (Chrono Boost)  
  92  9:34  Stalker x2  
  92  9:35  Stalker  
  90  9:46  Stalker x3  
  96  9:58  Stalker x3  
  102  10:10  Stalker  
  102  10:11  Stalker x2  
  108  10:23  Pylon  
  108  10:26  Zealot x3  
  105  10:37  Zealot x3  
  101  10:46  Stalker  
  101  10:48  Zealot x2  
  97  10:59  Zealot x3  
  30  12:08  Probe (Chrono Boost)  
  25  12:18  Probe (Chrono Boost)  
  22  12:30  Probe  

Tags
 
Add a new tag
Caveats
  • Supply blocks, unpowered buildings, or Contaminate may cause inaccurate times.
  • Supply counts are checked every 10 seconds.